 Dungeon Crawl Stone Soup version 0.15.0-23-gc2b521c (webtiles) character file.

147 Firebatgyro the Fey Human (level 5, -8/38 HPs)
             Began as a Human Death Knight on Sept 8, 2014.
             Was a Believer of Yredelemnul.
             Mangled by an ogre
             ... wielding a +0 giant club
              (25 damage)
             ... on Level 4 of the Dungeon.
             The game lasted 00:04:58 (2467 turns).

Firebatgyro the Fey Human (Human Death Knight)      Turns: 2467, Time: 00:04:59

HP  -8/38        AC  9     Str 14      XL: 5   Next: 54%
MP  10/10        EV  5     Int 11      God: Yredelemnul [**....]
Gold 134         SH  0     Dex 13      Spells:  0 memorised,  4 levels left

rFire  . . .     SeeInvis .     a - +2 falchion
rCold  . . .     Clarity  .     f - +1 chain mail
rNeg   . . .     rCorr    .     (no shield)
rPois  .         rRot     .     (no helmet)
rElec  .         Spirit   .     (no cloak)
SustAb .         Warding  .     (no gloves)
rMut   .         Stasis   .     (no boots)
Gourm  .                        (no amulet)
MR     +....                    (no ring)
                                q - ring of protection from magic

@: somewhat resistant to hostile enchantments, extremely unstealthy
A: no striking features
a: Animate Remains, Recall Undead Slaves, Injury Mirror, Renounce Religion


You were on level 4 of the Dungeon.
You worshipped Yredelemnul.
Yredelemnul was pleased with you.
You were not hungry.

You visited 1 branch of the dungeon, and saw 4 of its levels.

You collected 134 gold pieces.

Inventory:

Hand weapons
 a - a +2 falchion (weapon)
Missiles
 h - 18 arrows
Armour
 f - a +1 chain mail (worn)
Magical devices
 n - a wand of flame (9)
Comestibles
 c - 2 bread rations
 d - a meat ration
 p - a rotting chunk of worm flesh
Scrolls
 b - 2 scrolls of immolation
 g - a scroll of enchant armour
 i - 2 scrolls of identify
 j - a scroll of enchant weapon
 o - a scroll of remove curse
Jewellery
 q - a ring of protection from magic (left hand)
Potions
 k - a potion of degeneration {unknown}
 m - 3 potions of curing


   Skills:
 - Level 2.0 Fighting
 + Level 3.6 Long Blades
 - Level 1.0 Armour
 - Level 1.0 Dodging
 + Level 5.2 Invocations


You had 4 spell levels left.
You didn't know any spells.

Dungeon Overview and Level Annotations

Branches:
Dungeon (4/15)
 Temple: D:4-7

Altars:
Nemelex Xobeh


Message History

Zapping:
n - a wand of flame {zapped: 4}
Press: ? - help, Shift-Dir - straight line, f/p - ogre
Aim: an ogre, wielding a giant club (heavily wounded)
The puff of flame hits the ogre.
The ogre is severely wounded.
You hit the ogre.
The ogre is severely wounded.
The ogre hits you with a giant club.
You hit the ogre.
The ogre is almost dead.
The ogre hits you with a giant club!
Your chain mail prevents you from hitting the ogre.
The ogre is almost dead.
The ogre barely misses you.
You hit the ogre.
The ogre is almost dead.
The ogre hits you with a giant club!!
Ouch! That really hurt!
You die...
Your body rises from the dead as a mindless zombie. ############ #<.@O....... ############

You could see an ogre.

Vanquished Creatures
  An iguana (D:3)
  Jessica (D:3)
  3 adders
  3 worms
  2 oozes (D:2)
  4 orcs (D:3)
  A ball python (D:3)
  6 bats
  A gnoll zombie (D:1)
  7 goblins
  7 hobgoblins
  3 giant cockroaches
  5 giant geckos
  3 giant newts
  5 kobolds
  A kobold zombie (D:1)
  6 rats
59 creatures vanquished.

Vanquished Creatures (collateral kills)
  A bat (D:1)
  3 goblins
  A rat (D:2)
5 creatures vanquished.

Vanquished Creatures (others)
  A bat zombie (D:2)
  2 goblin zombies (D:2)
  A hobgoblin zombie (D:2)
  2 rat zombies
6 creatures vanquished.

Grand Total: 70 creatures vanquished

Notes
Turn   | Place    | Note
--------------------------------------------------------------
     0 | D:1      | Firebatgyro, the Human Death Knight, began the quest for the Orb.
     0 | D:1      | Reached XP level 1. HP: 16/16 MP: 2/2
   241 | D:1      | Reached XP level 2. HP: 15/22 MP: 2/4
   516 | D:1      | Reached XP level 3. HP: 18/27 MP: 5/5
   868 | D:2      | Reached skill level 4 in Invocations
   991 | D:2      | Acquired Yredelemnul's second power
  1020 | D:2      | Reached XP level 4. HP: 29/33 MP: 5/7
  1340 | D:2      | Found a sparkling altar of Nemelex Xobeh.
  1471 | D:3      | Noticed Jessica
  1477 | D:3      | Killed Jessica
  1697 | D:3      | Reached XP level 5. HP: 11/38 MP: 7/9
  1930 | D:3      | Reached skill level 5 in Invocations
  2457 | D:4      | Noticed an ogre
  2467 | D:4      | Mangled by an ogre

Action                   |  1- 3 |  4- 6 || total
-------------------------+-------+-------++-------
Melee: Falchion          |   100 |   113 ||   213
Invok: Animate Remains   |     9 |     9 ||    18
Evoke: Wand              |       |     9 ||     9
  Use: Potion            |     2 |       ||     2
       Scroll            |       |     8 ||     8
  Eat: Chunk             |     1 |     6 ||     7
